 Dungeon Crawl Stone Soup version 0.29.1-1-gd02db6906a (webtiles) character file.

Game seed: 4092200737312318010

568 funnyparkerb the Trooper (level 7, 0/39 HPs)
             Began as a Vine Stalker Fighter on Sept 28, 2022.
             Splashed by a jelly's acid (8 damage)
             ... on level 4 of the Dungeon.
             The game lasted 00:05:52 (3308 turns).

funnyparkerb the Trooper (Vine Stalker Fighter)     Turns: 3308, Time: 00:05:53

Health: 0/39       AC:  0    Str: 25    XL:     7   Next: 33%
Magic:  0/8        EV:  9    Int:  8    God:
Gold:   227        SH:  5    Dex: 15    Spells: 6/6 levels left

rFire   . . .      SeeInvis .   a - +0 rapier
rCold   . . .      Faith    .   c - +0 buckler
rNeg    . . .      Spirit   +   b - +0 scale mail
rPois   .          Reflect  .   k - +0 helmet
rElec   .          Harm     .   (no cloak)
rCorr   .          Rampage  .   (no gloves)
Will    +....                   s - +0 pair of boots
Stlth   ..........              (no amulet)
HPRegen 0.93/turn               g - ring of willpower
MPRegen 0.11/turn               l - +6 ring of strength

@: mighty, corroded
A: fangs 2, regeneration 1, magic shield, antimagic bite, no potion heal 2
a: no special abilities


You were on level 4 of the Dungeon.
You visited 1 branch of the dungeon, and saw 4 of its levels.

You collected 227 gold pieces.

Inventory:

Hand Weapons
 a - a +0 rapier (weapon)
 r - a +1 dagger of holy wrath
Armour
 b - a +0 scale mail (worn)
 c - a +0 buckler (worn)
 k - a +0 helmet (worn)
 s - a +0 pair of boots (worn)
Jewellery
 g - a ring of willpower (left hand)
 l - a +6 ring of strength (right hand)
Scrolls
 e - a scroll of summoning {unknown}
 i - a scroll of teleportation {unknown}
 o - 2 scrolls of blinking {unknown}
 p - a scroll of silence {unknown}
 t - a scroll of amnesia {unknown}
 w - a scroll of torment {unknown}
 x - a scroll of identify {unknown}
Potions
 d - 4 potions of might
 f - a potion of haste {unknown}
 h - 2 potions of cancellation {unknown}
 j - 2 potions of magic {unknown}
 m - 2 potions of lignification {unknown}
 n - a potion of mutation {unknown}
 q - a potion of curing {unknown}
 u - a potion of resistance {unknown}
 v - 2 potions of flight {unknown}


   Skills:
 + Level 5.6 Fighting
 + Level 5.2 Short Blades
 - Level 2.4 Armour
 - Level 2.6 Shields


You had 6 spell levels left.
You didn't know any spells.
Your spell library contained the following spells:

 Spells                   Type           Power      Damage    Failure   Level
 Blink                    Tloc           0%         N/A       91%         2
 Lesser Beckoning         Tloc           0%         N/A       99%         3
 Manifold Assault         Tloc           0%         N/A       100%        5


Dungeon Overview and Level Annotations

Branches:
Dungeon (4/15)
 Temple: D:4-7

Altars:
Cheibriados
Qazlal
Trog
Zin

Shops:
D:4 *!=[


Innate Abilities, Weirdness & Mutations

You have extremely sharp teeth.
Your natural rate of healing is unusually fast.
When hurt, damage is shared between your health and your magic reserves.
Your bite disrupts and absorbs the magic of your enemies.
Potions cannot restore your health.


Message History

No target in view!
No target in view!
No target in view!
No target in view!
No target in view!
No target in view!
No target in view!
You see here a quokka corpse.
You now have 221 gold pieces (gained 12).
You now have 227 gold pieces (gained 6).
You pick up a book of Spatial Translocations and begin reading...
You add the spells Blink, Lesser Beckoning and Manifold Assault to your library.
A jelly comes into view.
Okay, then.
The jelly hits you. The acid corrodes you!
You are splashed with acid!
You hit the jelly but do no damage.
Your hands burn!
The jelly hits you but does no damage.
You hit the jelly. The acid corrodes you!
Your hands burn!
You bite the jelly, but do no damage.
The jelly is moderately wounded.
The jelly hits you.
You are splashed with acid!
You hit the jelly but do no damage.
Your hands burn!
Your bite misses the jelly.
The jelly is moderately wounded.
The jelly hits you.
You are splashed with acid.
You are too injured to fight recklessly!
You feel very mighty all of a sudden. The jelly barely misses you.
You puncture the jelly!
Your hands burn!
* * * LOW HITPOINT WARNING * * *
Your bite misses the jelly.
The jelly is almost dead.
You block the jelly's attack.
You hit the jelly but do no damage.
Your hands burn!
* * * LOW HITPOINT WARNING * * *
The jelly is almost dead.
The jelly hits you.
* * * LOW HITPOINT WARNING * * *
The acid corrodes you!
You are splashed with acid!
You die...

.#≈≈≈..#..........#
......##..........#
.......####.#######
.......####.###
∩......#......#
.......#......##### ###
[......#......#...#...##
.[...)∩................#
................@J......
.......#.......<........
.......#...|............
.......#######.........#
..####.## ##...#...##
........# #########
#.####..# #.#####.#####
#.#)# #.†...##


You could see a jelly.

Vanquished Creatures
  A phantom (D:3)
  2 scorpions (D:4)
  2 hounds
  An orc priest (D:4)
  Jessica (D:2)
  An iguana (D:4)
  Natasha (thrice) (D:2)
  Robin (D:2)
  5 adders
  2 worms (D:2)
  2 dart slugs
  5 orcs
  5 ball pythons
  4 bats
  4 endoplasms
  4 giant cockroaches (D:2)
  10 goblins
  11 hobgoblins
  7 jackals
  8 kobolds
  4 quokkas
  A frilled lizard (D:1)
  3 rats
87 creatures vanquished.

Notes
Turn   | Place    | Note
-------+----------+-------------------------------------------
     0 | D:1      | funnyparkerb the Vine Stalker Fighter began the quest for
                  | the Orb.
     0 | D:1      | Reached XP level 1. HP: 11/11 MP: 2/2
   414 | D:1      | Reached XP level 2. HP: 15/16 MP: 3/3
  1131 | D:1      | Reached XP level 3. HP: 20/20 MP: 4/4
  1318 | D:2      | Noticed Natasha
  1324 | D:2      | Killed Natasha
  1394 | D:2      | Gained mutation: Your natural rate of healing is unusually
                  | fast. [Vine Stalker growth]
  1394 | D:2      | Reached XP level 4. HP: 16/25 MP: 5/5
  1473 | D:2      | Noticed Robin
  1546 | D:2      | Killed Robin
  1716 | D:2      | Noticed Natasha
  1724 | D:2      | Killed Natasha
  1725 | D:2      | Reached XP level 5. HP: 29/29 MP: 6/6
  1747 | D:2      | Noticed Natasha
  1757 | D:2      | Killed Natasha
  1896 | D:2      | Noticed Jessica
  1906 | D:2      | Killed Jessica
  2276 | D:3      | Found a glowing silver altar of Zin.
  2559 | D:3      | Found a bloodstained altar of Trog.
  2649 | D:4      | Reached XP level 6. HP: 19/34 MP: 7/7
  2698 | D:4      | Found a stormy altar of Qazlal.
  2737 | D:4      | Found Vuyphung's Jewellery Shop.
  2753 | D:4      | Reached skill level 5 in Fighting
  2763 | D:4      | Found Zumuclue's Distillery.
  2770 | D:4      | Found Yvairu's Armour Shop.
  2861 | D:3      | Reached XP level 7. HP: 39/39 MP: 8/8
  2918 | D:4      | Reached skill level 5 in Short Blades
  3060 | D:4      | Found a snail-covered altar of Cheibriados.
  3104 | D:4      | Found Mool's Assorted Antiques.
  3308 | D:4      | Splashed by a jelly's acid

Illustrated notes

Levels and vault maps discovered:
D:1:      minmay_arrival_solitary_statue, layout_basic, serial_glass,
          glass_columns_c, glass_columns_b, glass_columns_a, glass_columns_c,
          glass_columns_a, glass_columns_b, kennysheep_decorative_pillar,
          hangedman_decor_push
D:2:      layout_basic, uniq_robin, uniq_jessica, uniq_natasha
D:3:      layout_basic, lightli_temple_of_fire, zin_statuary
D:4:      layout_rooms, cheibriados_altar_1, nicolae_qazlal_eye_of_the_storm,
          serial_shops, nicolae_shop_competitors_out_of_business,
          nicolae_shop_waterfront, shop, shop,
          hangedman_abyss_or_decor_jellyfish_corner

Skill      XL: |  1  2  3  4  5  6  7 |
---------------+----------------------+-----
Short Blades   | 2 3 4 5 |  5.2
Fighting       | 3 4 5 |  5.6
Armour         | |  2.4
Shields        | |  2.6

Action                   |  1- 3 |  4- 6 |  7- 9 || total
-------------------------+-------+-------+-------++-------
Melee: Rapier            |    60 |   204 |    51 ||   315
       Bite              |    10 |    59 |    16 ||    85
  Use: Potion            |       |       |     1 ||     1
Armor: Scale mail        |    23 |   107 |    19 ||   149
Dodge: Dodged            |    16 |   130 |    21 ||   167
Block: Buckler           |     9 |    54 |     6 ||    69
